 Dungeon Crawl Stone Soup version 0.19.1 (webtiles) character file.

46412 Bekkur the Cruncher (level 14, -6/101 HPs)
             Began as a Demonspawn Gladiator on Dec 4, 2016.
             Was a High Priest of Hepliaklqana.
             Shot with a bolt by an orc warrior (24 damage)
             ... on level 2 of the Orcish Mines on Dec 6, 2016.
             The game lasted 01:16:21 (17912 turns).

Bekkur the Cruncher (Demonspawn Gladiator)         Turns: 17912, Time: 01:16:22

Health: -6/101     AC: 19    Str: 24    XL:     14   Next: 4%
Magic:  29/29      EV:  9    Int: 11    God:    Hepliaklqana [*****.]
Gold:   1478       SH:  0    Dex: 18    Spells: 0 memorised, 13 levels left

rFire  + . .     SeeInvis .     A - +8 quarterstaff
rCold  . . .     Gourm    +     E - +1 plate armour
rNeg   . . .     Faith    .     (shield currently unavailable)
rPois  +         Spirit   .     (helmet restricted)
rElec  +         Reflect  .     (no cloak)
rCorr  +         Harm     .     R - +2 pair of gloves of Ashenzari's Vengeance {rCorr Str+3}
MR     +....                    (boots unavailable)
Stlth  ..........               I - amulet "Qyoch" {Gourm MP+9 Str-3 Slay+3}
                                Q - ring of Grontol {rCorr rElec rPois Dex+4 Slay+2}
                                S - ring "Xaschoik" {rPois rF+ Str+3}

@: no status effects
A: reduced essence, claws 1, hooves 3, horns 2, powered by death 1, powered by
pain 2, strong 1
a: Recall Ancestor, Ancestor Identity, Transference, Idealise, Renounce Religion


You were on level 2 of the Orcish Mines.
You worshipped Hepliaklqana.
Hepliaklqana was extremely pleased with you.
You were completely stuffed.

You visited 4 branches of the dungeon, and saw 19 of its levels.
You also visited: Labyrinth.

You collected 1520 gold pieces.
You spent 42 gold pieces at shops.

Inventory:

Hand Weapons
 A - a +8 quarterstaff (weapon)
Armour
 E - a +1 plate armour (worn)
 R - the +2 pair of gloves of Ashenzari's Vengeance (worn) {rCorr Str+3}
   (You found it in a labyrinth)

   It affects your strength (+3).
   It protects you from acid and corrosion.
Magical Staves
 v - an uncursed staff of wizardry
Jewellery
 g - a +5 ring of protection
 I - the amulet "Qyoch" (around neck) {Gourm MP+9 Str-3 Slay+3}
   (You found it on level 10 of the Dungeon)

   [amulet of the gourmand]

   It allows you to eat raw meat even when not hungry.
   It affects your strength (-3).
   It affects your accuracy and damage with ranged weapons and melee attacks
   (+3).
   It affects your magic capacity (+9).
 Q - the ring of Grontol (right hand) {rCorr rElec rPois Dex+4 Slay+2}
   (You took it off a minotaur in a labyrinth)

   [ring of resist corrosion]

   It affects your dexterity (+4).
   It affects your accuracy and damage with ranged weapons and melee attacks
   (+2).
   It insulates you from electricity.
   It protects you from poison.
 S - the ring "Xaschoik" (left hand) {rPois rF+ Str+3}
   (You found it in a labyrinth)

   [ring of poison resistance]

   It affects your strength (+3).
   It protects you from fire.
   It protects you from poison.
Wands
 a - a wand of teleportation (4/9)
 c - a wand of iceblast (0/15)
 o - a wand of enslavement (9/24)
 H - a wand of lightning (0/15)
Scrolls
 i - a scroll of enchant armour
 k - 8 scrolls of teleportation
 n - 4 scrolls of fear
 u - 4 scrolls of fog
 x - a scroll of recharging
Potions
 d - 2 potions of magic {unknown}
 e - 2 potions of ambrosia
 h - 3 potions of brilliance
 j - a potion of agility
 l - 2 potions of might
 p - 5 potions of curing
 q - a potion of berserk rage
 F - 2 potions of invisibility
Miscellaneous
 s - a crystal ball of energy
 D - a disc of storms
 J - a disc of storms
Comestibles
 f - 8 bread rations
 m - 7 meat rations
 t - a beef jerky
 C - 9 royal jellies
 L - 8 fruits
 O - 2 slices of pizza


   Skills:
 - Level 11.5 Fighting
   Level 6.1(11.0) Polearms
 + Level 14.0(14.4) Staves
 - Level 1.7 Throwing
 - Level 11.5 Armour
 - Level 2.6 Dodging
 - Level 8.5 Invocations


You had 13 spell levels left.
You didn't know any spells.

Dungeon Overview and Level Annotations

Branches:
Dungeon (10/15)            Temple (1/1) D:4            Lair (6/6) D:8
  Swamp (0/4) Lair:2       Spider (0/4) Lair:4        Slime (0/5) Lair:5
    Orc (2/2) D:10            Elf (0/3) Orc:2

Altars:
Ashenzari
Cheibriados
Dithmenos
Elyvilon
Fedhas
Gozag
Hepliaklqana
Kikubaaqudgha
Makhleb
Nemelex Xobeh
Okawaru
Qazlal
Ru
Sif Muna
Trog
Uskayaw
Vehumet
Xom
Yredelemnul
Zin
The Shining One
Jiyva

Shops:
D:10 !

Annotations:
Lair:3 exclusion: downstairs


Innate Abilities, Weirdness & Mutations

You have sharp fingernails.
You have hooves in place of feet.
You have a pair of horns on your head.
You regenerate a little health from kills.
You sometimes gain power by taking damage.
Your life essence is reduced. (-10% HP)
Your muscles are strong. (Str +2)


Message History

The orc warrior wields an arbalest.
The orc warrior shoots a bolt.
The bolt hits you!
You hear a shout!
You see here a bolt.
An orc warrior comes into view. It is wielding a broad axe.
The orc warrior unwields an uncursed arbalest.
The orc warrior wields an uncursed glaive.
The orc warrior hits you but does no damage.
You barely miss the orc warrior. Your kick misses the orc warrior.
Your headbutt misses the orc warrior.
The orc warrior unwields an uncursed broad axe.
The orc warrior wields an arbalest.
The orc warrior shoots a bolt.
The bolt hits you!
The orc warrior hits you with an uncursed glaive!
* * * LOW HITPOINT WARNING * * *
Sagil-Zimu hits the orc warrior with a quarterstaff!!
The orc warrior unwields an uncursed glaive.
The orc warrior wields an uncursed arbalest.
The orc warrior shoots a bolt.
The bolt hits you!!
You die...

...>........)))# ..
..............#####.##
...............#..#..##
............).()...$..#
.......#.#.)(((.)....##
.........)...()..#..##
.......#.#((.#)).....#
.#.$)..(((##(..##.##
.#..#..(@.##(..# ##
........(.#.#))## ###
.....##....(....######.##
.##........Ro#.#.##.....#
...##.....#.#........##
.....#...#...#.....###
........#..........#
#...#.##..........#
#...#.#...........#


You could see the friendly Sagil-Zimu the battlemage and an orc warrior.

Vanquished Creatures
  The ghost of Apert the Severer, a journeyman MiBe of Trog (Lair:4)
  A minotaur (Lab)
  Josephine (Orc:1)
  4 hydras
  4 death yaks (Lair:1)
  A centaur warrior (Orc:2)
  The ghost of ohados the Transmogrifier, a novice DsTm of Okawaru (D:8)
  2 orc knights
  An orc sorcerer (Orc:2)
  A black mamba (Lair:1)
  5 elephants (Lair:6)
  6 spiny frogs
  2 rime drakes (Lair:6)
  7 komodo dragons
  A jumping spider (Lair:4)
  A polar bear (Lair:6)
  A queen bee (D:9)
  A two-headed ogre (D:10)
  4 blink frogs
  5 hornets (Lair:6)
  4 trolls
  5 hippogriffs
  A minotaur skeleton (Lab)
  2 wraiths (Orc:1)
  A redback (Lair:4)
  10 spriggans (Lair:6)
  17 yaks
  A human (D:10)
  2 wyverns
  2 basilisks
  A hungry ghost (D:7)
  2 wargs
  Edmund (D:4)
  8 water moccasins
  9 porcupines
  Duvessa (D:7)
  9 orc warriors
  An ice beast (D:5)
  A sky beast (D:5)
  7 black bears
  3 boggarts (Lair:6)
  2 phantoms
  A necrophage (D:7)
  4 ogres
  17 wolves
  5 centaurs
  15 crocodiles
  4 bullfrogs
  3 big kobolds (D:8)
  A gnoll sergeant (D:7)
  Dowan (D:7)
  50 killer bees
  A wight (D:7)
  4 crimson imps
  11 orc priests
  A bullfrog zombie (D:5)
  2 hounds
  A jelly (D:9)
  A centaur skeleton (D:8)
  8 iguanas
  13 orc wizards
  7 worker ants
  A killer bee zombie (D:7)
  A worker ant zombie (D:5)
  4 gnolls (D:7)
  A howler monkey skeleton (D:10)
  9 adders
  4 river rats (D:8)
  A shadow imp (D:10)
  An ooze (D:7)
  An adder skeleton (D:6)
  3 worms
  A dart slug (D:2)
  4 leopard geckos
  34 orcs
  2 ball pythons
  4 giant cockroaches
  4 goblins
  3 jackals
  5 bats
  3 frilled lizards
  14 kobolds
  A quokka skeleton (D:8)
  13 rats
404 creatures vanquished.

Vanquished Creatures (collateral kills)
  A fire dragon (D:10)
  A black mamba (Lair:4)
  3 spiny frogs
  A troll (Orc:2)
  The ghost of TheSquall the Carver, an amateur MiFi (D:5)
  A hornet (Lair:6)
  3 blink frogs
  3 hippogriffs
  A redback (Lair:4)
  9 yaks
  A wraith (Orc:1)
  5 basilisks
  A warg (D:10)
  2 water moccasins
  An orc warrior (Orc:1)
  An ice beast (D:7)
  An ogre (D:6)
  A necrophage (D:10)
  4 wolves
  A centaur (Orc:2)
  A crocodile (Lair:6)
  2 bullfrogs
  19 killer bees
  4 wights (D:7)
  A crimson imp (D:8)
  2 orc priests (Orc:2)
  A hound (D:7)
  2 orc wizards (D:10)
  An iguana (D:8)
  An ogre skeleton (Lab)
  A worm (D:4)
  4 orcs
  A giant cockroach (D:7)
  A jackal (D:7)
  A kobold (D:8)
84 creatures vanquished.

Vanquished Creatures (others)
  9 battlemagi
  An ancestor (D:7)
  4 fungi
  4 plants
18 creatures vanquished.

Grand Total: 506 creatures vanquished

Notes
Turn   | Place    | Note
-------+----------+-------------------------------------------
     0 | D:1      | Bekkur the Demonspawn Gladiator began the quest for the Orb.
     0 | D:1      | Reached XP level 1. HP: 16/16 MP: 1/1
   193 | D:1      | Gained mutation: You regenerate a little health from kills. [demonic ancestry]
   193 | D:1      | Reached XP level 2. HP: 9/22 MP: 2/2
  1201 | D:2      | Gained mutation: You sometimes gain a little power by taking damage. [demonic ancestry]
  1201 | D:2      | Reached XP level 3. HP: 27/27 MP: 3/3
  1912 | D:3      | Gained mutation: You have large cloven feet. [potion of beneficial mutation]
  2103 | D:3      | Gained mutation: You have hoof-like feet. [demonic ancestry]
  2103 | D:3      | Reached XP level 4. HP: 33/33 MP: 4/4
  2613 | D:4      | Reached skill level 5 in Polearms
  2764 | D:4      | Found a staircase to the Ecumenical Temple.
  2772 | D:4      | Found a sparkling altar of Nemelex Xobeh.
  2781 | Temple   | Entered the Ecumenical Temple
  2828 | Temple   | Became a worshipper of Hepliaklqana the Forgotten
  3043 | D:4      | Gained mutation: You have a pair of small horns on your head. [demonic ancestry]
  3043 | D:4      | Reached XP level 5. HP: 34/34 MP: 5/5
  3140 | D:4      | Noticed Edmund
  3149 | D:4      | Killed Edmund
  3149 | D:4      | Gained mutation: You have hooves in place of feet. [demonic ancestry]
  3149 | D:4      | Reached XP level 6. HP: 36/39 MP: 6/6
  3191 | D:5      | Entered Level 5 of the Dungeon
  3200 | D:5      | Noticed TheSquall's ghost (amateur MiFi)
  3208 | D:5      | Killed TheSquall's ghost
  3208 | D:5      | Reached skill level 3 in Staves
  3302 | D:5      | Gained mutation: You have sharp fingernails. [demonic ancestry]
  3302 | D:5      | Reached XP level 7. HP: 38/45 MP: 7/7
  3478 | D:5      | Reached skill level 4 in Staves
  3489 | D:5      | Gained mutation: Your muscles are strong. (Str +2) [potion of beneficial mutation]
  3505 | D:5      | Reached skill level 5 in Staves
  3529 | D:5      | Reached * piety under Hepliaklqana
  3987 | D:5      | Reached skill level 6 in Staves
  3992 | D:5      | Found a radiant altar of Vehumet.
  4429 | D:6      | Reached XP level 8. HP: 34/50 MP: 8/8
  4715 | D:6      | Reached skill level 7 in Staves
  5141 | D:7      | Noticed Duvessa
  5141 | D:7      | Noticed Dowan
  5151 | D:7      | Killed Duvessa
  5151 | D:7      | Reached skill level 8 in Staves
  5152 | D:7      | Killed Dowan
  5370 | D:7      | Reached skill level 9 in Staves
  5405 | D:7      | Reached XP level 9. HP: 31/54 MP: 9/9
  5594 | D:7      | Reached ** piety under Hepliaklqana
  5595 | D:7      | Remembered your ancestor Sagil-Zimu as a battlemage
  5785 | D:7      | Reached skill level 10 in Staves
  6190 | D:8      | Reached skill level 11 in Staves
  6250 | D:8      | Reached XP level 10. HP: 54/60 MP: 10/10
  6297 | D:8      | Found a staircase to the Lair.
  6300 | D:8      | Reached skill level 12 in Staves
  6719 | D:8      | Noticed ohados's ghost (novice DsTm)
  6728 | D:8      | Killed ohados's ghost
  6728 | D:8      | Reached skill level 13 in Staves
  6756 | D:8      | Identified a scroll of acquirement
  6857 | D:8      | Found a hazy altar of Hepliaklqana.
  7341 | D:9      | Reached skill level 1 in Armour
  7447 | D:9      | Reached *** piety under Hepliaklqana
  7700 | D:9      | Found a burning altar of Makhleb.
  7704 | D:9      | Noticed a balrug
  7705 | D:9      | Found a glowing silver altar of Zin.
  7706 | D:9      | Noticed an angel
  7883 | D:9      | Mutation became permanent: You have hooves in place of feet. [demonic ancestry]
  7883 | D:9      | Reached XP level 11. HP: 64/64 MP: 11/11
  7951 | D:10     | Entered Level 10 of the Dungeon
  8044 | D:10     | Found Faprarudd's Distillery.
  8152 | D:10     | Found a staircase to the Orcish Mines.
  8258 | D:10     | Got a coiled tin amulet
  8259 | D:10     | Identified the amulet "Qyoch" {Gourm MP+9 Str-3 Slay+3} (You found it on level 10 of the Dungeon)
  8449 | D:10     | Reached skill level 5 in Armour
  8460 | D:10     | Noticed a fire dragon
  8467 | D:10     | Killed a fire dragon
  8539 | D:10     | Bought a potion of flight for 42 gold pieces
  8752 | Lair:1   | Entered Level 1 of the Lair of Beasts
  8752 | Lair:1   | Reached **** piety under Hepliaklqana
  9924 | Lair:1   | Noticed a death yak
  9924 | Lair:1   | Noticed a death yak
  9927 | Lair:1   | Noticed a death yak
  9929 | Lair:1   | Noticed a death yak
  9943 | Lair:1   | Killed a death yak
  9959 | Lair:1   | Killed a death yak
  9961 | Lair:1   | Killed a death yak
  9973 | Lair:1   | HP: 3/64 [death yak (19)]
  9986 | Lair:1   | Killed a death yak
  9986 | Lair:1   | Reached XP level 12. HP: 37/70 MP: 12/12
 10130 | Lair:1   | Reached skill level 10 in Armour
 10454 | Lair:1   | Noticed an eight-headed hydra
 10461 | Lair:1   | Killed an eight-headed hydra
 10561 | Lair:2   | Noticed an eight-headed hydra
 10569 | Lair:2   | Killed an eight-headed hydra
 10577 | Lair:2   | Found a staircase to the Swamp.
 10640 | Lair:2   | Reached skill level 5 in Fighting
 11338 | Lair:2   | Reached ***** piety under Hepliaklqana
 12609 | Lair:4   | Noticed an eight-headed hydra
 12609 | Lair:4   | Noticed Apert's ghost (journeyman MiBe)
 12626 | Lair:3   | Killed an eight-headed hydra
 12958 | Lair:4   | Killed Apert's ghost
 13090 | Lair:4   | Reached skill level 10 in Fighting
 13323 | Lair:4   | Found a hole to the Spider Nest.
 13363 | Lair:4   | HP: 4/88 [poisoned by a redback]
 13369 | Lair:4   | HP: 2/88 [poisoned by a redback]
 13375 | Lair:4   | HP: 2/88 [poisoned by a redback]
 13383 | Lair:4   | HP: 2/88 [poisoned by a redback]
 13826 | Lair:4   | Got a distressingly furry chain mail
 13837 | Lair:4   | Identified the cursed +0 chain mail "Cakhloak" {Str-5 Int+4 Dex+7} (You found it on level 4 of the Lair of Beasts)
 13845 | Lair:4   | Gained mutation: You have a pair of horns on your head. [demonic ancestry]
 13845 | Lair:4   | Reached XP level 13. HP: 93/93 MP: 13/13
 14473 | Lair:5   | Found a staircase to the Slime Pits.
 14473 | Lair:5   | Found a viscous altar of Jiyva.
 14793 | Lair:6   | Entered Level 6 of the Lair of Beasts
 14800 | Lair:6   | Found a labyrinth entrance.
 14834 | Lab      | Entered a labyrinth
 15046 | Lab      | Reached ****** piety under Hepliaklqana
 15313 | Lab      | Noticed a minotaur
 15326 | Lab      | Killed a minotaur
 15328 | Lab      | Got a transparent lead ring
 15330 | Lab      | Got a pair of brightly glowing gloves
 15336 | Lab      | Got a wavering marble ring
 15479 | Lab      | Identified the ring of Grontol {rCorr rElec rPois Dex+4 Slay+2} (You took it off a minotaur in a labyrinth)
 15481 | Lab      | Identified the ring "Xaschoik" {rPois rF+ Str+3} (You found it in a labyrinth)
 15492 | Lab      | Identified the +2 pair of gloves of Ashenzari's Vengeance {rCorr Str+3} (You found it in a labyrinth)
 15868 | Lair:6   | Reached skill level 1 in Invocations
 16231 | Lair:6   | Reached skill level 5 in Invocations
 17410 | Orc:1    | Entered Level 1 of the Orcish Mines
 17504 | Orc:1    | Noticed Josephine
 17514 | Orc:1    | Killed Josephine
 17659 | Orc:2    | Entered Level 2 of the Orcish Mines
 17791 | Orc:2    | Paralysed by an orc sorcerer for 2 turns
 17797 | Orc:2    | Gained mutation: You sometimes gain power by taking damage. [demonic ancestry]
 17797 | Orc:2    | Reached XP level 14. HP: 48/101 MP: 20/20
 17809 | Orc:2    | Found a staircase to the Elven Halls.
 17831 | Orc:2    | Reached skill level 14 in Staves
 17912 | Orc:2    | Shot with a bolt by an orc warrior

Skill      XL: |  1  2  3  4  5  6  7  8  9 10 11 12 13 14 |
---------------+-------------------------------------------+-----
Polearms       | 3 4 5 6 |  6.1
Staves         | 3 6 9 11 13 14 | 14.0
Armour         | 3 9 10 11 | 11.5
Fighting       | 10 11 | 11.5
Invocations    | 8 |  8.5
Throwing       | |  1.7
Dodging        | |  2.6

Action                   |  1- 3 |  4- 6 |  7- 9 | 10-12 | 13-15 || total
-------------------------+-------+-------+-------+-------+-------++-------
Melee: Trident           |   139 |    74 |       |       |       ||   213
       Quarterstaff      |       |    29 |   238 |   675 |   300 ||  1242
       Headbutt          |       |     4 |    45 |   117 |    84 ||   250
       Kick              |       |     2 |    71 |   186 |   124 ||   383
Throw: Throwing net      |       |       |       |       |     1 ||     1
Invok: Ancestor Life: Ba |       |       |     1 |       |       ||     1
       Idealise          |       |       |       |       |     4 ||     4
Evoke: Wand              |       |     2 |     2 |     8 |     3 ||    15
       Disc of storms    |       |       |       |     3 |       ||     3
  Use: Scroll            |     4 |     2 |    14 |    11 |     3 ||    34
       Potion            |     1 |     1 |     1 |     6 |     2 ||    11
 Stab: Distracted        |       |     1 |     1 |     2 |     4 ||     8
  Eat: Chunk             |     4 |     4 |     9 |    34 |    16 ||    67
       Pizza             |       |       |     1 |       |       ||     1
Armor: Ring mail         |    63 |    44 |    48 |       |       ||   155
       Plate armour      |       |       |    29 |   371 |   125 ||   525
       Chain mail        |       |       |       |     1 |     1 ||     2
Dodge: Dodged            |    75 |    51 |   119 |   335 |    95 ||   675
